[ AOE2 MATCH · #464585297 ]
UnrankedEthiopians vs Aztecs
[ REPLAY ANALYSIS · EXTRACTED FROM THE RECORDED GAME ]
Feudal
10:56
Castle
14:26
Imperial
28:25
| APM avg | 56.6 |
| APM peak | 96 |
| eAPM avg | 32.8 |
| Villagers / military | 176 / 233 |
Focus
⚔️ 51.3% · 🌾 48.7%
Spearman ×130 · Scorpion ×45 · Mangonel ×21 · Trade Cart ×19 · Battering Ram ×16 · Trebuchet (Packed) ×11
Feudal
12:06
Castle
15:41
Imperial
34:40
| APM avg | 50.2 |
| APM peak | 88 |
| eAPM avg | 35.3 |
| Villagers / military | 149 / 375 |
Focus
⚔️ 33.6% · 🌾 66.4%
Scout Cavalry ×194 · Hand Cannoneer ×177 · Mangonel ×2 · Coustillier ×2
Feudal
10:44
Castle
14:50
Imperial
35:09
| APM avg | 40.5 |
| APM peak | 92 |
| eAPM avg | 24.6 |
| Villagers / military | 163 / 218 |
Focus
⚔️ 33.8% · 🌾 66.2%
Spearman ×71 · Eagle Scout ×66 · Skirmisher ×58 · Monk ×10 · Mangonel ×8 · Battering Ram ×5
Feudal
11:54
Castle
15:33
Imperial
28:45
| APM avg | 40.0 |
| APM peak | 82 |
| eAPM avg | 18.5 |
| Villagers / military | 141 / 438 |
Focus
⚔️ 35.5% · 🌾 64.5%
Spearman ×214 · Archer ×136 · Bombard Cannon ×56 · Trade Cart ×37 · Organ Gun ×16 · Battering Ram ×6
Feudal
10:36
Castle
14:43
Imperial
29:04
| APM avg | 43.3 |
| APM peak | 94 |
| eAPM avg | 24.5 |
| Villagers / military | 213 / 463 |
Focus
⚔️ 33.1% · 🌾 66.9%
Scout Cavalry ×196 · Cavalry Archer ×110 · Skirmisher ×64 · Spearman ×41 · Magyar Huszar ×40 · Trebuchet (Packed) ×5
Feudal
7:57
Castle
20:26
Imperial
31:44
| APM avg | 55.5 |
| APM peak | 105 |
| eAPM avg | 35.7 |
| Villagers / military | 153 / 548 |
Focus
⚔️ 51.0% · 🌾 49.0%
Scout Cavalry ×289 · Knight ×213 · Trade Cart ×53 · Camel Scout ×36 · Trebuchet (Packed) ×9 · Mangonel ×1
Feudal
9:18
Castle
20:42
Imperial
35:15
| APM avg | 56.1 |
| APM peak | 110 |
| eAPM avg | 28.3 |
| Villagers / military | 184 / 372 |
Focus
⚔️ 46.7% · 🌾 53.3%
Scout Cavalry ×155 · Steppe Lancer ×142 · Mangudai ×29 · Scorpion ×24 · Mangonel ×9 · Archer ×5
Feudal
11:11
Castle
14:51
Imperial
30:14
| APM avg | 40.6 |
| APM peak | 75 |
| eAPM avg | 22.1 |
| Villagers / military | 194 / 441 |
Focus
⚔️ 35.1% · 🌾 64.9%
Camel Scout ×197 · Scout Cavalry ×166 · Knight ×57 · Bombard Cannon ×20 · Monk ×1
Match map
Initial resources + every placement click. Lines = walls · curves = elevation contours. ◆ gold · ⬟ stone · ● berries · ✦ relic · ◌ wall gap
Your base· ✓ Closed at 14:26 · 0t walls · 3 gate(s)
belphy's base· ✓ Closed at 15:41 · 0t walls · 2 gate(s)
Ares_Hong Bang- Trieu Dynasty's base· ✓ Closed at 14:50 · 0t walls · 2 gate(s)
HSL | P3rk_Ita's base· ✓ Closed at 15:33 · 0t walls · 2 gate(s)
小胡喝不了酒's base· ✓ Closed at 14:43 · 0t walls · 2 gate(s)
JB's base· ✓ Closed at 20:26 · 0t walls · 2 gate(s)
ty's base· ✓ Closed at 20:42 · 7t walls · 2 gate(s)
援助失足少女's base· ✓ Closed at 14:51 · 0t walls · 2 gate(s)
Smoothed initial terrain · ◌ = detected wall gap · hover for details
Inputs per minute
— ilPlantigrado - - belphy
Build order — ilPlantigrado
First 150 of 699 actions detected
| 0:00 | Create | Villager (Male) |
| 0:01 | Create | Villager (Male) |
| 0:01 | Create | Villager (Male) |
| 0:01 | Create | Villager (Male) |
| 0:01 | Create | Villager (Male) |
| 0:02 | Build | House |
| 0:04 | Build | House |
| 1:30 | Create | Villager (Male) |
| 1:30 | Create | Villager (Male) |
| 1:57 | Create | Villager (Male) |
| 1:57 | Create | Villager (Male) |
| 1:57 | Create | Villager (Male) |
| 2:20 | Build | Lumber Camp |
| 2:23 | Create | Villager (Male) |
| 2:23 | Create | Villager (Male) |
| 2:47 | Create | Villager (Male) |
| 2:47 | Create | Villager (Male) |
| 2:47 | Create | Villager (Male) |
| 2:57 | Create | Villager (Male) |
| 2:57 | Create | Villager (Male) |
| 2:57 | Create | Villager (Male) |
| 2:57 | Create | Villager (Male) |
| 3:33 | Create | Villager (Male) |
| 3:33 | Create | Villager (Male) |
| 3:53 | Build | House |
| 3:54 | Build | House |
| 4:01 | Create | Villager (Male) |
| 4:01 | Create | Villager (Male) |
| 4:02 | Create | Villager (Male) |
| 4:40 | Create | Villager (Male) |
| 4:40 | Create | Villager (Male) |
| 4:42 | Build | Mill |
| 5:01 | Create | Villager (Male) |
| 5:01 | Create | Villager (Male) |
| 5:26 | Create | Villager (Male) |
| 5:26 | Create | Villager (Male) |
| 5:27 | Create | Villager (Male) |
| 6:09 | Create | Villager (Male) |
| 6:10 | Create | Villager (Male) |
| 6:44 | Create | Villager (Male) |
| 6:45 | Build | Lumber Camp |
| 6:50 | Create | Villager (Male) |
| 7:13 | Create | Villager (Male) |
| 7:26 | Build | Farm |
| 7:30 | Create | Villager (Male) |
| 7:32 | Build | Farm |
| 7:48 | Create | Villager (Male) |
| 7:54 | Build | Farm |
| 8:22 | Research | Feudal Age |
| 8:22 | Research | Feudal Age |
| 8:22 | Research | Feudal Age |
| 9:34 | Build | House |
| 10:48 | Create | Villager (Male) |
| 10:48 | Create | Villager (Male) |
| 10:56 | Age | Feudal Age |
| 10:57 | Build | Market |
| 10:59 | Build | Blacksmith |
| 11:05 | Research | Double-Bit Axe |
| 11:43 | Research | Castle Age |
| 11:44 | Research | Castle Age |
| 11:44 | Research | Castle Age |
| 12:02 | Research | Horse Collar |
| 12:02 | Research | Horse Collar |
| 12:03 | Research | Horse Collar |
| 12:36 | Build | Farm |
| 12:37 | Build | Farm |
| 12:38 | Build | Farm |
| 13:04 | Build | House |
| 13:04 | Build | House |
| 13:37 | Create | Villager (Male) |
| 14:16 | Create | Villager (Male) |
| 14:26 | Age | Castle Age |
| 14:27 | Build | Town Center |
| 14:29 | Build | Monastery |
| 14:30 | Research | Bow Saw |
| 14:30 | Research | Bow Saw |
| 14:33 | Build | Town Center |
| 14:54 | Build | Farm |
| 14:56 | Create | Villager (Male) |
| 15:05 | Create | Monk |
| 15:19 | Build | Farm |
| 15:20 | Create | Villager (Male) |
| 15:26 | Create | Villager (Male) |
| 15:37 | Create | Villager (Male) |
| 15:43 | Create | Villager (Male) |
| 15:46 | Build | Farm |
| 15:47 | Build | Farm |
| 15:48 | Build | Farm |
| 15:49 | Build | Farm |
| 15:52 | Create | Villager (Male) |
| 15:54 | Create | Villager (Male) |
| 15:57 | Build | Farm |
| 16:01 | Create | Villager (Male) |
| 16:07 | Create | Villager (Male) |
| 16:08 | Create | Villager (Male) |
| 16:18 | Build | Farm |
| 16:19 | Create | Villager (Male) |
| 16:32 | Create | Villager (Male) |
| 16:33 | Build | Farm |
| 16:34 | Build | Farm |
| 16:34 | Build | Farm |
| 16:46 | Build | Farm |
| 16:51 | Build | Farm |
| 16:51 | Create | Villager (Male) |
| 16:52 | Create | Villager (Male) |
| 17:05 | Create | Villager (Male) |
| 17:06 | Build | Farm |
| 17:07 | Build | Farm |
| 17:11 | Create | Villager (Male) |
| 17:43 | Build | Farm |
| 17:44 | Build | Farm |
| 17:45 | Create | Villager (Male) |
| 17:46 | Create | Villager (Male) |
| 17:46 | Create | Villager (Male) |
| 17:57 | Create | Villager (Male) |
| 18:01 | Build | Farm |
| 18:02 | Create | Villager (Male) |
| 18:06 | Build | House |
| 18:11 | Build | Farm |
| 18:14 | Create | Villager (Male) |
| 18:14 | Create | Villager (Male) |
| 18:14 | Create | Villager (Male) |
| 18:15 | Create | Villager (Male) |
| 18:17 | Build | House |
| 18:31 | Create | Villager (Male) |
| 18:32 | Create | Villager (Male) |
| 18:37 | Build | Town Center |
| 18:39 | Create | Villager (Male) |
| 18:40 | Build | House |
| 18:48 | Build | Mining Camp |
| 18:58 | Build | Farm |
| 19:02 | Build | Farm |
| 19:05 | Create | Villager (Male) |
| 19:05 | Create | Villager (Male) |
| 19:05 | Create | Villager (Male) |
| 19:11 | Build | Farm |
| 19:16 | Create | Monk |
| 19:16 | Create | Monk |
| 19:16 | Create | Monk |
| 19:18 | Create | Villager (Male) |
| 19:18 | Create | Villager (Male) |
| 19:18 | Create | Villager (Male) |
| 19:26 | Build | Farm |
| 19:27 | Create | Villager (Male) |
| 19:27 | Create | Villager (Male) |
| 19:33 | Build | Farm |
| 19:41 | Create | Villager (Male) |
| 19:43 | Build | Farm |
| 19:46 | Build | Farm |
| 19:50 | Create | Villager (Male) |
Build order — belphy
First 150 of 668 actions detected
| 0:01 | Create | Villager (Male) |
| 0:01 | Create | Villager (Male) |
| 0:02 | Build | House |
| 0:03 | Build | House |
| 0:13 | Create | Villager (Male) |
| 0:15 | Create | Villager (Male) |
| 1:23 | Create | Villager (Male) |
| 1:23 | Create | Villager (Male) |
| 1:48 | Build | Lumber Camp |
| 1:55 | Create | Villager (Male) |
| 1:56 | Create | Villager (Male) |
| 2:17 | Create | Villager (Male) |
| 2:41 | Research | Double-Bit Axe |
| 2:41 | Research | Double-Bit Axe |
| 2:55 | Research | Loom |
| 3:14 | Create | Villager (Male) |
| 3:37 | Create | Villager (Male) |
| 3:37 | Create | Villager (Male) |
| 3:37 | Create | Villager (Male) |
| 3:45 | Build | House |
| 3:45 | Build | House |
| 4:05 | Create | Villager (Male) |
| 4:05 | Create | Villager (Male) |
| 4:05 | Create | Villager (Male) |
| 4:41 | Create | Villager (Male) |
| 5:07 | Create | Villager (Male) |
| 5:09 | Create | Villager (Male) |
| 5:21 | Build | Mill |
| 5:52 | Create | Villager (Male) |
| 6:11 | Create | Villager (Male) |
| 6:15 | Research | Horse Collar |
| 6:33 | Build | Farm |
| 6:39 | Create | Villager (Male) |
| 6:56 | Create | Villager (Male) |
| 7:01 | Build | Farm |
| 7:15 | Create | Villager (Male) |
| 7:20 | Build | Farm |
| 7:31 | Build | House |
| 7:32 | Build | House |
| 8:08 | Create | Villager (Male) |
| 8:35 | Create | Villager (Male) |
| 8:45 | Build | Mining Camp |
| 8:51 | Create | Villager (Male) |
| 9:06 | Build | Farm |
| 9:17 | Build | Farm |
| 9:30 | Create | Villager (Male) |
| 9:56 | Research | Feudal Age |
| 9:57 | Research | Feudal Age |
| 10:28 | Build | Farm |
| 10:40 | Build | Farm |
| 10:57 | Create | Villager (Male) |
| 10:57 | Create | Villager (Male) |
| 12:06 | Age | Feudal Age |
| 12:09 | Build | Market |
| 12:10 | Build | Blacksmith |
| 13:01 | Research | Castle Age |
| 13:01 | Research | Castle Age |
| 13:20 | Research | Bow Saw |
| 13:20 | Research | Bow Saw |
| 13:25 | Build | Farm |
| 13:28 | Build | Farm |
| 13:51 | Research | Heavy Plow |
| 13:51 | Research | Heavy Plow |
| 13:51 | Research | Heavy Plow |
| 13:51 | Research | Heavy Plow |
| 13:51 | Research | Heavy Plow |
| 13:51 | Research | Heavy Plow |
| 14:00 | Build | Farm |
| 14:16 | Build | House |
| 14:17 | Build | House |
| 14:27 | Create | Villager (Male) |
| 15:41 | Age | Castle Age |
| 15:43 | Build | Town Center |
| 15:46 | Build | Town Center |
| 16:01 | Create | Villager (Male) |
| 16:05 | Research | Two-Man Saw |
| 16:05 | Research | Two-Man Saw |
| 16:25 | Create | Villager (Male) |
| 16:38 | Create | Villager (Male) |
| 16:50 | Create | Villager (Male) |
| 16:52 | Build | Farm |
| 16:54 | Build | Farm |
| 17:01 | Create | Villager (Male) |
| 17:06 | Build | Farm |
| 17:09 | Create | Villager (Male) |
| 17:16 | Create | Villager (Male) |
| 17:16 | Create | Villager (Male) |
| 17:25 | Create | Villager (Male) |
| 17:38 | Create | Villager (Male) |
| 17:48 | Create | Villager (Male) |
| 17:57 | Create | Villager (Male) |
| 18:00 | Build | Town Center |
| 18:01 | Create | Villager (Male) |
| 18:02 | Create | Villager (Male) |
| 18:10 | Create | Villager (Male) |
| 18:20 | Create | Villager (Male) |
| 18:31 | Create | Villager (Male) |
| 18:35 | Research | Wheelbarrow |
| 18:38 | Build | Farm |
| 18:42 | Build | Farm |
| 18:46 | Create | Villager (Male) |
| 18:46 | Create | Villager (Male) |
| 18:55 | Build | Farm |
| 18:55 | Create | Villager (Male) |
| 19:06 | Research | Gold Mining |
| 19:06 | Research | Gold Mining |
| 19:07 | Create | Villager (Male) |
| 19:14 | Create | Villager (Male) |
| 19:20 | Create | Villager (Male) |
| 19:22 | Build | Farm |
| 19:22 | Create | Villager (Male) |
| 19:22 | Create | Villager (Male) |
| 19:27 | Build | Farm |
| 19:29 | Create | Villager (Male) |
| 19:32 | Build | Farm |
| 19:38 | Build | Farm |
| 19:39 | Create | Villager (Male) |
| 19:47 | Build | Farm |
| 19:47 | Build | Farm |
| 19:48 | Create | Villager (Male) |
| 19:48 | Create | Villager (Male) |
| 19:55 | Build | Farm |
| 20:01 | Build | Farm |
| 20:03 | Build | Farm |
| 20:03 | Create | Villager (Male) |
| 20:08 | Build | Farm |
| 20:09 | Create | Villager (Male) |
| 20:16 | Build | Farm |
| 20:17 | Create | Villager (Male) |
| 20:20 | Create | Villager (Male) |
| 20:21 | Build | Farm |
| 20:26 | Build | Farm |
| 20:37 | Build | Farm |
| 20:41 | Create | Villager (Male) |
| 20:42 | Build | Farm |
| 20:42 | Build | Farm |
| 20:45 | Build | House |
| 20:47 | Build | House |
| 20:48 | Build | House |
| 20:49 | Build | House |
| 20:53 | Create | Villager (Male) |
| 20:53 | Create | Villager (Male) |
| 20:53 | Create | Villager (Male) |
| 20:53 | Create | Villager (Male) |
| 20:53 | Create | Villager (Male) |
| 21:06 | Build | Siege Workshop |
| 21:07 | Create | Villager (Male) |
| 21:15 | Build | Stone Wall |
| 21:23 | Create | Villager (Male) |
| 21:28 | Research | Hand Cart |
Build order — Ares_Hong Bang- Trieu Dynasty
First 150 of 575 actions detected
| 0:02 | Create | Villager (Male) |
| 0:02 | Create | Villager (Male) |
| 0:02 | Create | Villager (Male) |
| 0:05 | Build | House |
| 0:06 | Build | House |
| 0:34 | Create | Villager (Male) |
| 0:34 | Create | Villager (Male) |
| 1:32 | Create | Villager (Male) |
| 1:32 | Create | Villager (Male) |
| 1:32 | Create | Villager (Male) |
| 2:18 | Create | Villager (Male) |
| 2:18 | Create | Villager (Male) |
| 2:19 | Create | Villager (Male) |
| 2:27 | Create | Villager (Male) |
| 2:27 | Create | Villager (Male) |
| 2:27 | Create | Villager (Male) |
| 2:40 | Create | Villager (Male) |
| 2:40 | Create | Villager (Male) |
| 2:40 | Create | Villager (Male) |
| 3:12 | Build | Lumber Camp |
| 3:23 | Create | Villager (Male) |
| 3:24 | Create | Villager (Male) |
| 3:24 | Create | Villager (Male) |
| 3:24 | Create | Villager (Male) |
| 3:42 | Build | House |
| 3:44 | Build | House |
| 3:45 | Create | Villager (Male) |
| 3:46 | Create | Villager (Male) |
| 3:50 | Create | Villager (Male) |
| 3:50 | Create | Villager (Male) |
| 3:51 | Create | Villager (Male) |
| 3:51 | Create | Villager (Male) |
| 4:25 | Create | Villager (Male) |
| 4:25 | Create | Villager (Male) |
| 4:28 | Create | Villager (Male) |
| 4:29 | Create | Villager (Male) |
| 4:29 | Create | Villager (Male) |
| 4:29 | Create | Villager (Male) |
| 4:57 | Create | Villager (Male) |
| 4:58 | Create | Villager (Male) |
| 5:46 | Create | Villager (Male) |
| 5:47 | Create | Villager (Male) |
| 5:47 | Create | Villager (Male) |
| 5:47 | Create | Villager (Male) |
| 5:50 | Create | Villager (Male) |
| 5:50 | Create | Villager (Male) |
| 5:51 | Create | Villager (Male) |
| 5:51 | Create | Villager (Male) |
| 6:10 | Build | Mill |
| 6:53 | Create | Villager (Male) |
| 6:53 | Create | Villager (Male) |
| 6:53 | Create | Villager (Male) |
| 6:53 | Create | Villager (Male) |
| 6:53 | Create | Villager (Male) |
| 7:14 | Create | Villager (Male) |
| 7:14 | Create | Villager (Male) |
| 7:23 | Create | Villager (Male) |
| 7:23 | Create | Villager (Male) |
| 7:23 | Create | Villager (Male) |
| 7:28 | Build | Mining Camp |
| 8:04 | Create | Villager (Male) |
| 8:06 | Build | Farm |
| 8:11 | Build | House |
| 8:22 | Research | Feudal Age |
| 8:22 | Research | Feudal Age |
| 9:02 | Build | Farm |
| 10:00 | Build | Farm |
| 10:01 | Create | Villager (Male) |
| 10:42 | Create | Villager (Male) |
| 10:44 | Age | Feudal Age |
| 10:49 | Build | Market |
| 10:57 | Build | Market |
| 11:17 | Create | Villager (Male) |
| 11:28 | Build | Blacksmith |
| 12:10 | Research | Castle Age |
| 12:11 | Research | Castle Age |
| 12:15 | Research | Loom |
| 12:24 | Build | House |
| 12:39 | Build | House |
| 13:05 | Build | Farm |
| 13:06 | Build | Farm |
| 13:07 | Build | Farm |
| 13:15 | Research | Double-Bit Axe |
| 14:14 | Research | Horse Collar |
| 14:50 | Age | Castle Age |
| 14:51 | Build | Barracks |
| 14:56 | Create | Villager (Male) |
| 15:29 | Build | Monastery |
| 15:35 | Create | Spearman |
| 16:00 | Create | Villager (Male) |
| 16:03 | Build | Farm |
| 16:09 | Build | Monastery |
| 16:10 | Create | Monk |
| 16:20 | Create | Spearman |
| 16:36 | Build | Farm |
| 16:39 | Create | Villager (Male) |
| 16:44 | Research | Redemption |
| 16:55 | Research | Fervor |
| 16:58 | Create | Monk |
| 17:06 | Build | Mill |
| 17:43 | Create | Villager (Male) |
| 17:46 | Create | Monk |
| 18:05 | Create | Monk |
| 18:19 | Create | Spearman |
| 18:21 | Create | Spearman |
| 18:22 | Create | Villager (Male) |
| 18:32 | Build | Siege Workshop |
| 18:57 | Research | Redemption |
| 18:59 | Create | Monk |
| 19:11 | Create | Villager (Male) |
| 19:17 | Build | House |
| 19:18 | Build | House |
| 19:18 | Build | House |
| 19:18 | Build | House |
| 19:18 | Build | House |
| 19:22 | Create | Battering Ram |
| 19:52 | Create | Villager (Male) |
| 19:56 | Research | Wheelbarrow |
| 19:57 | Create | Battering Ram |
| 20:05 | Create | Monk |
| 20:07 | Create | Spearman |
| 20:08 | Create | Spearman |
| 20:08 | Create | Spearman |
| 20:08 | Create | Spearman |
| 20:32 | Create | Monk |
| 20:40 | Create | Villager (Male) |
| 20:53 | Create | Battering Ram |
| 21:11 | Create | Spearman |
| 21:11 | Create | Spearman |
| 21:26 | Build | Farm |
| 21:31 | Create | Eagle Scout |
| 21:53 | Build | Outpost |
| 22:02 | Research | Pikeman (upgrade) |
| 22:08 | Build | House |
| 22:08 | Build | House |
| 22:08 | Build | House |
| 22:08 | Build | House |
| 22:09 | Build | House |
| 22:09 | Build | House |
| 23:18 | Build | Barracks |
| 23:18 | Create | Villager (Male) |
| 23:19 | Create | Villager (Male) |
| 23:22 | Research | Eagle Warrior (upgrade) |
| 23:23 | Create | Eagle Scout |
| 23:23 | Create | Eagle Scout |
| 24:01 | Create | Eagle Scout |
| 24:01 | Create | Eagle Scout |
| 24:14 | Create | Villager (Male) |
| 24:15 | Create | Villager (Male) |
| 24:19 | Build | Town Center |
Build order — HSL | P3rk_Ita
First 150 of 462 actions detected
| 0:02 | Create | Villager (Male) |
| 0:03 | Build | House |
| 0:05 | Build | House |
| 0:05 | Create | Villager (Male) |
| 0:06 | Create | Villager (Male) |
| 0:06 | Create | Villager (Male) |
| 1:27 | Create | Villager (Male) |
| 1:28 | Create | Villager (Male) |
| 2:01 | Build | Lumber Camp |
| 2:06 | Create | Villager (Male) |
| 2:06 | Create | Villager (Male) |
| 2:34 | Create | Villager (Male) |
| 2:48 | Create | Villager (Male) |
| 3:10 | Create | Villager (Male) |
| 3:38 | Build | House |
| 3:40 | Build | House |
| 3:41 | Build | House |
| 3:54 | Create | Villager (Male) |
| 3:54 | Create | Villager (Male) |
| 3:57 | Create | Villager (Male) |
| 3:58 | Create | Villager (Male) |
| 5:02 | Create | Villager (Male) |
| 5:12 | Create | Villager (Male) |
| 5:12 | Create | Villager (Male) |
| 5:35 | Create | Villager (Male) |
| 5:36 | Create | Villager (Male) |
| 5:36 | Create | Villager (Male) |
| 5:40 | Build | Mill |
| 6:11 | Create | Villager (Male) |
| 6:12 | Create | Villager (Male) |
| 6:12 | Create | Villager (Male) |
| 6:39 | Create | Villager (Male) |
| 7:03 | Build | Farm |
| 7:06 | Build | Farm |
| 7:07 | Create | Villager (Male) |
| 7:30 | Create | Villager (Male) |
| 7:58 | Build | Farm |
| 8:08 | Create | Villager (Male) |
| 8:29 | Build | Mining Camp |
| 9:03 | Research | Feudal Age |
| 9:52 | Build | Barracks |
| 11:02 | Build | House |
| 11:45 | Create | Villager (Male) |
| 11:45 | Create | Villager (Male) |
| 11:54 | Age | Feudal Age |
| 11:55 | Build | Stable |
| 12:04 | Build | Market |
| 12:34 | Build | House |
| 12:53 | Research | Castle Age |
| 12:54 | Research | Castle Age |
| 13:00 | Research | Double-Bit Axe |
| 13:08 | Build | Farm |
| 13:09 | Build | Farm |
| 13:16 | Build | Farm |
| 13:20 | Build | House |
| 13:21 | Build | House |
| 13:25 | Build | Farm |
| 13:34 | Research | Horse Collar |
| 13:42 | Build | Farm |
| 13:45 | Build | Farm |
| 13:55 | Create | Scout Cavalry |
| 14:33 | Create | Scout Cavalry |
| 14:46 | Create | Villager (Male) |
| 14:47 | Create | Villager (Male) |
| 15:25 | Create | Scout Cavalry |
| 15:33 | Age | Castle Age |
| 15:40 | Build | Town Center |
| 15:43 | Build | Town Center |
| 15:47 | Research | Bow Saw |
| 16:12 | Create | Villager (Male) |
| 16:31 | Create | Villager (Male) |
| 16:35 | Build | Farm |
| 17:27 | Create | Villager (Male) |
| 17:30 | Build | Farm |
| 17:30 | Build | Farm |
| 17:30 | Build | Farm |
| 17:31 | Build | Farm |
| 17:31 | Build | Farm |
| 17:31 | Build | Farm |
| 17:32 | Create | Villager (Male) |
| 17:32 | Create | Villager (Male) |
| 17:32 | Create | Villager (Male) |
| 17:34 | Build | Farm |
| 17:35 | Create | Villager (Male) |
| 17:35 | Create | Villager (Male) |
| 17:51 | Create | Villager (Male) |
| 17:51 | Create | Villager (Male) |
| 17:58 | Build | Farm |
| 18:01 | Build | Farm |
| 18:05 | Create | Villager (Male) |
| 18:06 | Create | Villager (Male) |
| 18:06 | Create | Villager (Male) |
| 18:06 | Create | Villager (Male) |
| 18:06 | Create | Villager (Male) |
| 18:30 | Create | Villager (Male) |
| 18:30 | Create | Villager (Male) |
| 18:32 | Build | Farm |
| 18:33 | Build | Farm |
| 18:42 | Build | Farm |
| 18:46 | Build | Farm |
| 18:46 | Create | Villager (Male) |
| 18:46 | Create | Villager (Male) |
| 19:02 | Create | Villager (Male) |
| 19:05 | Create | Villager (Male) |
| 19:18 | Create | Villager (Male) |
| 19:21 | Create | Scout Cavalry |
| 19:36 | Create | Villager (Male) |
| 19:37 | Create | Villager (Male) |
| 19:39 | Build | Farm |
| 19:40 | Build | Farm |
| 19:43 | Build | Mill |
| 19:44 | Build | Farm |
| 19:44 | Build | Farm |
| 19:45 | Build | Farm |
| 19:49 | Create | Villager (Male) |
| 19:59 | Create | Villager (Male) |
| 19:59 | Research | Loom |
| 20:07 | Create | Scout Cavalry |
| 20:13 | Create | Villager (Male) |
| 20:17 | Build | Farm |
| 20:20 | Build | Farm |
| 20:30 | Create | Villager (Male) |
| 20:41 | Create | Villager (Male) |
| 20:45 | Build | Farm |
| 20:47 | Build | House |
| 21:01 | Research | Light Cavalry (upgrade) |
| 21:14 | Create | Villager (Male) |
| 21:15 | Create | Villager (Male) |
| 21:16 | Research | Wheelbarrow |
| 21:18 | Create | Villager (Male) |
| 21:18 | Create | Villager (Male) |
| 21:21 | Build | Farm |
| 21:24 | Build | House |
| 21:26 | Build | House |
| 21:39 | Create | Villager (Male) |
| 21:43 | Create | Scout Cavalry |
| 22:02 | Create | Villager (Male) |
| 22:02 | Create | Villager (Male) |
| 22:35 | Create | Villager (Male) |
| 22:35 | Create | Villager (Male) |
| 22:38 | Build | Mill |
| 22:40 | Build | Farm |
| 22:41 | Create | Villager (Male) |
| 22:41 | Create | Villager (Male) |
| 22:42 | Create | Villager (Male) |
| 22:44 | Build | House |
| 22:45 | Build | House |
| 22:49 | Create | Villager (Male) |
| 22:52 | Build | University |
| 23:11 | Create | Villager (Male) |
Build order — 小胡喝不了酒
First 150 of 630 actions detected
| 0:01 | Create | Villager (Male) |
| 0:01 | Create | Villager (Male) |
| 0:02 | Create | Villager (Male) |
| 0:02 | Create | Villager (Male) |
| 0:02 | Create | Villager (Male) |
| 0:03 | Build | House |
| 0:04 | Build | House |
| 1:25 | Create | Villager (Male) |
| 1:25 | Create | Villager (Male) |
| 1:46 | Build | Lumber Camp |
| 2:01 | Create | Villager (Male) |
| 2:20 | Create | Villager (Male) |
| 2:21 | Create | Villager (Male) |
| 2:53 | Create | Villager (Male) |
| 3:17 | Create | Villager (Male) |
| 3:17 | Create | Villager (Male) |
| 3:17 | Create | Villager (Male) |
| 3:51 | Build | House |
| 4:07 | Create | Villager (Male) |
| 4:07 | Create | Villager (Male) |
| 4:27 | Build | House |
| 4:44 | Create | Villager (Male) |
| 4:44 | Create | Villager (Male) |
| 4:58 | Build | Mill |
| 5:22 | Create | Villager (Male) |
| 5:22 | Create | Villager (Male) |
| 5:22 | Create | Villager (Male) |
| 5:44 | Create | Villager (Male) |
| 5:44 | Create | Villager (Male) |
| 6:24 | Create | Villager (Male) |
| 6:25 | Create | Villager (Male) |
| 6:25 | Create | Villager (Male) |
| 6:25 | Create | Villager (Male) |
| 7:05 | Create | Villager (Male) |
| 7:05 | Create | Villager (Male) |
| 7:12 | Create | Villager (Male) |
| 7:21 | Create | Villager (Male) |
| 7:21 | Create | Villager (Male) |
| 7:22 | Create | Villager (Male) |
| 8:02 | Build | Mining Camp |
| 8:26 | Research | Feudal Age |
| 8:27 | Research | Feudal Age |
| 9:21 | Build | Farm |
| 10:28 | Create | Villager (Male) |
| 10:28 | Create | Villager (Male) |
| 10:36 | Age | Feudal Age |
| 10:41 | Build | Market |
| 10:44 | Build | Blacksmith |
| 11:28 | Research | Loom |
| 12:03 | Research | Castle Age |
| 12:29 | Build | Farm |
| 12:30 | Build | Farm |
| 12:39 | Research | Double-Bit Axe |
| 12:42 | Build | Farm |
| 12:56 | Build | House |
| 13:12 | Research | Horse Collar |
| 13:13 | Research | Horse Collar |
| 14:43 | Age | Castle Age |
| 14:48 | Build | Town Center |
| 14:56 | Build | Town Center |
| 14:58 | Create | Villager (Male) |
| 15:03 | Build | Farm |
| 15:05 | Create | Villager (Male) |
| 15:08 | Build | House |
| 15:43 | Create | Villager (Male) |
| 15:49 | Create | Villager (Male) |
| 15:57 | Build | Monastery |
| 15:58 | Create | Villager (Male) |
| 16:13 | Create | Villager (Male) |
| 16:13 | Create | Villager (Male) |
| 16:21 | Build | Farm |
| 16:25 | Build | Farm |
| 16:45 | Build | House |
| 16:45 | Create | Monk |
| 16:51 | Create | Villager (Male) |
| 16:52 | Create | Villager (Male) |
| 16:54 | Build | Farm |
| 16:56 | Build | Farm |
| 16:58 | Build | Farm |
| 17:08 | Build | Farm |
| 17:09 | Create | Villager (Male) |
| 17:10 | Create | Villager (Male) |
| 17:25 | Build | House |
| 17:30 | Build | Farm |
| 17:31 | Build | Farm |
| 17:46 | Build | Farm |
| 17:47 | Create | Villager (Male) |
| 17:47 | Create | Villager (Male) |
| 17:48 | Create | Villager (Male) |
| 17:50 | Build | Farm |
| 17:54 | Create | Villager (Male) |
| 17:54 | Create | Villager (Male) |
| 17:54 | Create | Villager (Male) |
| 17:57 | Build | Farm |
| 18:01 | Create | Villager (Male) |
| 18:01 | Create | Villager (Male) |
| 18:03 | Build | House |
| 18:07 | Create | Villager (Male) |
| 18:07 | Create | Villager (Male) |
| 18:22 | Create | Villager (Male) |
| 18:22 | Create | Villager (Male) |
| 18:36 | Create | Villager (Male) |
| 18:36 | Create | Villager (Male) |
| 18:39 | Build | Farm |
| 18:42 | Build | Farm |
| 18:43 | Build | Farm |
| 18:48 | Build | Farm |
| 18:50 | Create | Villager (Male) |
| 18:50 | Create | Villager (Male) |
| 18:50 | Create | Villager (Male) |
| 19:00 | Create | Villager (Male) |
| 19:02 | Build | Farm |
| 19:05 | Create | Monk |
| 19:08 | Create | Villager (Male) |
| 19:18 | Create | Villager (Male) |
| 19:19 | Create | Villager (Male) |
| 19:27 | Create | Villager (Male) |
| 19:28 | Create | Villager (Male) |
| 19:33 | Build | Farm |
| 19:37 | Build | Farm |
| 19:39 | Create | Villager (Male) |
| 19:39 | Create | Villager (Male) |
| 19:48 | Create | Villager (Male) |
| 19:48 | Create | Villager (Male) |
| 19:56 | Create | Villager (Male) |
| 19:56 | Create | Villager (Male) |
| 20:05 | Create | Villager (Male) |
| 20:09 | Build | Farm |
| 20:11 | Create | Villager (Male) |
| 20:11 | Create | Villager (Male) |
| 20:20 | Create | Villager (Male) |
| 20:20 | Create | Villager (Male) |
| 20:26 | Create | Villager (Male) |
| 20:26 | Create | Villager (Male) |
| 20:31 | Create | Villager (Male) |
| 20:33 | Build | Farm |
| 20:50 | Create | Villager (Male) |
| 20:59 | Build | Town Center |
| 21:01 | Create | Villager (Male) |
| 21:01 | Create | Villager (Male) |
| 21:01 | Create | Villager (Male) |
| 21:01 | Create | Villager (Male) |
| 21:02 | Create | Villager (Male) |
| 21:09 | Build | Farm |
| 21:13 | Build | Farm |
| 21:14 | Build | Farm |
| 21:20 | Build | Farm |
| 21:21 | Create | Villager (Male) |
| 21:23 | Build | House |
| 21:27 | Create | Villager (Male) |
Build order — JB
First 150 of 1005 actions detected
| 0:01 | Create | Villager (Male) |
| 0:02 | Build | House |
| 0:03 | Build | House |
| 0:12 | Create | Villager (Male) |
| 0:12 | Create | Villager (Male) |
| 0:12 | Create | Villager (Male) |
| 0:13 | Create | Villager (Male) |
| 1:33 | Create | Villager (Male) |
| 1:34 | Create | Villager (Male) |
| 1:56 | Create | Villager (Male) |
| 1:59 | Create | Villager (Male) |
| 1:59 | Create | Villager (Male) |
| 2:11 | Build | Lumber Camp |
| 2:17 | Create | Villager (Male) |
| 2:40 | Create | Villager (Male) |
| 2:40 | Create | Villager (Male) |
| 2:40 | Create | Villager (Male) |
| 3:06 | Create | Villager (Male) |
| 3:06 | Create | Villager (Male) |
| 3:13 | Create | Villager (Male) |
| 3:40 | Build | House |
| 3:47 | Create | Villager (Male) |
| 4:09 | Build | Mining Camp |
| 4:57 | Create | Villager (Male) |
| 5:32 | Research | Loom |
| 5:51 | Research | Feudal Age |
| 6:19 | Build | House |
| 7:16 | Create | Villager (Male) |
| 7:57 | Age | Feudal Age |
| 7:58 | Build | Watch Tower |
| 8:00 | Create | Villager (Male) |
| 8:17 | Create | Villager (Male) |
| 8:19 | Research | Double-Bit Axe |
| 8:19 | Research | Double-Bit Axe |
| 8:51 | Build | House |
| 8:58 | Build | Mill |
| 9:11 | Create | Villager (Male) |
| 9:38 | Create | Villager (Male) |
| 9:56 | Build | Blacksmith |
| 10:10 | Create | Villager (Male) |
| 10:10 | Create | Villager (Male) |
| 10:21 | Create | Villager (Male) |
| 10:21 | Create | Villager (Male) |
| 10:31 | Build | Farm |
| 10:31 | Build | Farm |
| 11:05 | Create | Villager (Male) |
| 11:08 | Build | Farm |
| 11:08 | Build | Farm |
| 11:19 | Create | Villager (Male) |
| 11:20 | Create | Villager (Male) |
| 11:22 | Build | Farm |
| 11:26 | Build | House |
| 11:40 | Create | Villager (Male) |
| 11:40 | Create | Villager (Male) |
| 11:47 | Build | Watch Tower |
| 12:02 | Create | Villager (Male) |
| 12:04 | Build | Farm |
| 12:12 | Create | Villager (Male) |
| 12:16 | Build | Farm |
| 12:30 | Build | Farm |
| 12:46 | Create | Villager (Male) |
| 12:53 | Build | Farm |
| 12:59 | Build | Farm |
| 13:00 | Create | Villager (Male) |
| 13:03 | Build | House |
| 13:13 | Create | Villager (Male) |
| 13:22 | Build | Farm |
| 13:34 | Create | Villager (Male) |
| 13:53 | Build | Mining Camp |
| 14:11 | Build | Watch Tower |
| 14:18 | Create | Villager (Male) |
| 14:26 | Build | Farm |
| 14:36 | Research | Fletching |
| 14:36 | Research | Fletching |
| 14:49 | Create | Villager (Male) |
| 15:03 | Build | House |
| 15:05 | Build | Farm |
| 15:09 | Build | Farm |
| 15:12 | Create | Villager (Male) |
| 15:39 | Create | Villager (Male) |
| 15:44 | Build | Market |
| 16:30 | Create | Villager (Male) |
| 16:51 | Create | Villager (Male) |
| 17:05 | Create | Villager (Male) |
| 17:20 | Create | Villager (Male) |
| 17:27 | Create | Villager (Male) |
| 17:47 | Create | Villager (Male) |
| 17:57 | Build | House |
| 18:00 | Research | Castle Age |
| 18:01 | Research | Castle Age |
| 18:01 | Research | Castle Age |
| 18:16 | Research | Horse Collar |
| 18:45 | Build | House |
| 18:45 | Build | House |
| 18:52 | Build | Farm |
| 19:20 | Create | Villager (Male) |
| 19:35 | Build | House |
| 19:50 | Research | Wheelbarrow |
| 20:06 | Build | House |
| 20:26 | Age | Castle Age |
| 20:28 | Build | Town Center |
| 20:29 | Create | Villager (Male) |
| 20:35 | Build | Town Center |
| 21:13 | Create | Villager (Male) |
| 21:35 | Create | Villager (Male) |
| 21:40 | Create | Villager (Male) |
| 21:46 | Create | Villager (Male) |
| 21:53 | Create | Villager (Male) |
| 21:56 | Create | Villager (Male) |
| 21:58 | Build | Farm |
| 21:58 | Build | Farm |
| 22:01 | Create | Villager (Male) |
| 22:03 | Create | Villager (Male) |
| 22:08 | Build | Farm |
| 22:10 | Build | Farm |
| 22:11 | Create | Villager (Male) |
| 22:14 | Create | Villager (Male) |
| 22:15 | Create | Villager (Male) |
| 22:17 | Create | Villager (Male) |
| 22:21 | Create | Villager (Male) |
| 22:23 | Create | Villager (Male) |
| 22:25 | Create | Villager (Male) |
| 22:29 | Build | Farm |
| 22:31 | Create | Villager (Male) |
| 22:34 | Build | Farm |
| 22:35 | Create | Villager (Male) |
| 22:36 | Build | Farm |
| 22:37 | Create | Villager (Male) |
| 22:41 | Create | Villager (Male) |
| 22:44 | Create | Villager (Male) |
| 22:52 | Build | House |
| 22:56 | Create | Villager (Male) |
| 22:59 | Create | Villager (Male) |
| 23:03 | Build | House |
| 23:05 | Build | House |
| 23:06 | Build | Stone Wall |
| 23:08 | Create | Villager (Male) |
| 23:11 | Build | Gate |
| 23:12 | Create | Villager (Male) |
| 23:17 | Build | Stone Wall |
| 23:19 | Create | Villager (Male) |
| 23:23 | Build | Siege Workshop |
| 23:25 | Create | Villager (Male) |
| 23:34 | Research | Hand Cart |
| 23:35 | Create | Villager (Male) |
| 23:36 | Create | Villager (Male) |
| 23:38 | Create | Villager (Male) |
| 23:39 | Create | Villager (Male) |
| 23:42 | Create | Villager (Male) |
| 23:46 | Create | Villager (Male) |
Build order — ty
First 150 of 767 actions detected
| 0:02 | Build | House |
| 0:03 | Create | Villager (Male) |
| 0:03 | Create | Villager (Male) |
| 0:04 | Build | House |
| 0:39 | Create | Villager (Male) |
| 0:39 | Create | Villager (Male) |
| 1:17 | Create | Villager (Male) |
| 1:18 | Create | Villager (Male) |
| 1:52 | Create | Villager (Male) |
| 1:52 | Create | Villager (Male) |
| 2:11 | Create | Villager (Male) |
| 2:11 | Create | Villager (Male) |
| 2:13 | Build | Lumber Camp |
| 2:40 | Create | Villager (Male) |
| 2:40 | Create | Villager (Male) |
| 3:04 | Create | Villager (Male) |
| 3:04 | Create | Villager (Male) |
| 3:37 | Create | Villager (Male) |
| 3:37 | Create | Villager (Male) |
| 3:42 | Create | Villager (Male) |
| 3:43 | Create | Villager (Male) |
| 4:01 | Build | House |
| 4:06 | Create | Villager (Male) |
| 4:07 | Create | Villager (Male) |
| 4:07 | Create | Villager (Male) |
| 4:15 | Create | Villager (Male) |
| 4:15 | Create | Villager (Male) |
| 4:19 | Build | Mill |
| 4:32 | Create | Villager (Male) |
| 4:33 | Create | Villager (Male) |
| 4:45 | Build | House |
| 5:13 | Create | Villager (Male) |
| 5:35 | Build | Farm |
| 6:20 | Build | Farm |
| 6:32 | Build | Farm |
| 7:00 | Research | Feudal Age |
| 7:23 | Build | Mining Camp |
| 8:12 | Research | Loom |
| 8:26 | Build | Mining Camp |
| 8:47 | Build | Palisade Wall |
| 8:48 | Build | Palisade Wall |
| 9:18 | Age | Feudal Age |
| 9:23 | Build | Watch Tower |
| 9:26 | Create | Villager (Male) |
| 9:32 | Research | Double-Bit Axe |
| 9:36 | Build | House |
| 9:53 | Create | Villager (Male) |
| 10:27 | Build | Market |
| 10:35 | Create | Villager (Male) |
| 11:04 | Build | Farm |
| 11:05 | Create | Villager (Male) |
| 11:05 | Create | Villager (Male) |
| 11:16 | Create | Villager (Male) |
| 11:23 | Research | Horse Collar |
| 11:48 | Build | Stone Wall |
| 11:52 | Build | Stone Wall |
| 12:10 | Create | Villager (Male) |
| 12:20 | Build | Blacksmith |
| 12:22 | Create | Villager (Male) |
| 12:27 | Create | Villager (Male) |
| 12:36 | Build | Farm |
| 12:56 | Build | House |
| 12:58 | Build | Stone Wall |
| 13:01 | Create | Villager (Male) |
| 13:32 | Research | Fletching |
| 13:39 | Build | Barracks |
| 13:51 | Create | Villager (Male) |
| 14:03 | Build | Palisade Wall |
| 14:30 | Build | Watch Tower |
| 14:31 | Create | Villager (Male) |
| 14:34 | Build | Archery Range |
| 14:45 | Create | Spearman |
| 14:53 | Build | Farm |
| 14:59 | Build | Farm |
| 15:00 | Create | Villager (Male) |
| 15:00 | Create | Villager (Male) |
| 15:35 | Create | Villager (Male) |
| 15:36 | Create | Archer |
| 15:40 | Build | House |
| 15:59 | Build | Stone Wall |
| 16:25 | Create | Villager (Male) |
| 16:27 | Create | Archer |
| 16:30 | Build | Farm |
| 16:42 | Create | Archer |
| 17:12 | Create | Villager (Male) |
| 17:13 | Create | Villager (Male) |
| 17:19 | Build | Farm |
| 17:20 | Build | Farm |
| 17:23 | Build | Farm |
| 17:25 | Build | Farm |
| 17:32 | Create | Archer |
| 17:51 | Build | House |
| 17:54 | Research | Castle Age |
| 18:41 | Build | House |
| 19:21 | Create | Archer |
| 19:27 | Build | House |
| 19:28 | Build | House |
| 20:42 | Age | Castle Age |
| 20:45 | Create | Villager (Male) |
| 20:45 | Create | Villager (Male) |
| 20:58 | Create | Villager (Male) |
| 21:03 | Build | Town Center |
| 21:07 | Create | Villager (Male) |
| 21:08 | Research | Bow Saw |
| 21:27 | Create | Villager (Male) |
| 21:39 | Build | Stone Wall |
| 21:48 | Build | Castle |
| 21:52 | Create | Villager (Male) |
| 21:54 | Build | House |
| 21:55 | Build | House |
| 21:58 | Research | Heavy Plow |
| 22:05 | Build | Town Center |
| 22:24 | Create | Villager (Male) |
| 22:33 | Create | Villager (Male) |
| 22:49 | Build | Farm |
| 22:51 | Build | Farm |
| 22:51 | Build | Farm |
| 22:51 | Build | Farm |
| 22:53 | Create | Villager (Male) |
| 22:53 | Create | Villager (Male) |
| 23:04 | Create | Villager (Male) |
| 23:05 | Build | Lumber Camp |
| 23:20 | Create | Villager (Male) |
| 23:24 | Create | Villager (Male) |
| 23:26 | Create | Villager (Male) |
| 23:26 | Create | Villager (Male) |
| 23:28 | Create | Villager (Male) |
| 23:29 | Build | Farm |
| 23:33 | Create | Mangudai |
| 23:33 | Create | Mangudai |
| 23:41 | Create | Villager (Male) |
| 23:48 | Create | Mangudai |
| 23:50 | Create | Villager (Male) |
| 23:50 | Create | Villager (Male) |
| 23:54 | Build | House |
| 24:01 | Create | Villager (Male) |
| 24:19 | Create | Villager (Male) |
| 24:22 | Build | Outpost |
| 24:27 | Build | Outpost |
| 24:33 | Create | Villager (Male) |
| 24:36 | Build | Farm |
| 24:37 | Build | Farm |
| 24:39 | Create | Villager (Male) |
| 24:41 | Create | Villager (Male) |
| 24:47 | Build | Town Center |
| 24:48 | Create | Villager (Male) |
| 24:54 | Build | Farm |
| 24:56 | Build | Farm |
| 24:58 | Create | Villager (Male) |
| 24:58 | Create | Villager (Male) |
Build order — 援助失足少女
First 150 of 614 actions detected
| 0:01 | Create | Villager (Male) |
| 0:01 | Create | Villager (Male) |
| 0:01 | Create | Villager (Male) |
| 0:02 | Create | Villager (Male) |
| 0:02 | Create | Villager (Male) |
| 0:03 | Build | House |
| 0:04 | Build | House |
| 1:34 | Create | Villager (Male) |
| 2:10 | Create | Villager (Male) |
| 2:12 | Build | Lumber Camp |
| 2:17 | Create | Villager (Male) |
| 2:58 | Create | Villager (Male) |
| 3:20 | Create | Villager (Male) |
| 3:33 | Build | House |
| 3:34 | Build | House |
| 3:35 | Build | House |
| 3:54 | Create | Villager (Male) |
| 4:23 | Create | Villager (Male) |
| 4:23 | Create | Villager (Male) |
| 4:49 | Create | Villager (Male) |
| 4:49 | Create | Villager (Male) |
| 4:49 | Create | Villager (Male) |
| 4:50 | Create | Villager (Male) |
| 5:14 | Create | Villager (Male) |
| 5:18 | Build | Mill |
| 6:06 | Create | Villager (Male) |
| 6:06 | Create | Villager (Male) |
| 6:07 | Create | Villager (Male) |
| 6:56 | Create | Villager (Male) |
| 6:57 | Create | Villager (Male) |
| 7:24 | Build | Mining Camp |
| 7:25 | Create | Villager (Male) |
| 7:57 | Create | Villager (Male) |
| 7:58 | Create | Villager (Male) |
| 8:00 | Build | Farm |
| 8:02 | Build | Farm |
| 8:55 | Research | Feudal Age |
| 10:02 | Create | Villager (Male) |
| 10:02 | Create | Villager (Male) |
| 10:22 | Build | Farm |
| 11:11 | Age | Feudal Age |
| 11:17 | Build | Blacksmith |
| 11:21 | Build | Market |
| 12:11 | Research | Castle Age |
| 12:11 | Research | Castle Age |
| 12:32 | Build | House |
| 12:34 | Research | Double-Bit Axe |
| 12:34 | Research | Double-Bit Axe |
| 13:21 | Build | House |
| 13:37 | Create | Villager (Male) |
| 13:49 | Research | Horse Collar |
| 13:49 | Research | Horse Collar |
| 14:11 | Create | Villager (Male) |
| 14:17 | Build | Barracks |
| 14:29 | Build | Farm |
| 14:30 | Build | Farm |
| 14:31 | Build | Farm |
| 14:32 | Build | Farm |
| 14:37 | Build | House |
| 14:51 | Age | Castle Age |
| 14:55 | Research | Bow Saw |
| 14:55 | Research | Bow Saw |
| 15:05 | Build | Farm |
| 15:06 | Build | Farm |
| 15:07 | Build | Farm |
| 15:10 | Build | Farm |
| 15:19 | Build | Town Center |
| 15:28 | Create | Villager (Male) |
| 15:48 | Create | Villager (Male) |
| 16:06 | Create | Villager (Male) |
| 16:27 | Create | Villager (Male) |
| 16:31 | Build | Barracks |
| 16:33 | Create | Villager (Male) |
| 16:40 | Build | Farm |
| 16:41 | Build | Farm |
| 16:54 | Create | Villager (Male) |
| 16:57 | Build | Farm |
| 17:12 | Build | Stable |
| 17:15 | Create | Villager (Male) |
| 17:22 | Build | Farm |
| 17:23 | Create | Villager (Male) |
| 17:32 | Create | Villager (Male) |
| 17:49 | Create | Villager (Male) |
| 17:54 | Build | House |
| 17:55 | Build | House |
| 17:58 | Create | Camel Scout |
| 18:00 | Build | Farm |
| 18:15 | Create | Villager (Male) |
| 18:18 | Build | Farm |
| 18:33 | Create | Villager (Male) |
| 18:45 | Create | Villager (Male) |
| 18:54 | Build | Town Center |
| 18:54 | Create | Villager (Male) |
| 18:58 | Create | Villager (Male) |
| 19:14 | Create | Villager (Male) |
| 19:17 | Build | House |
| 19:31 | Create | Villager (Male) |
| 19:37 | Create | Villager (Male) |
| 19:47 | Build | House |
| 19:48 | Build | House |
| 19:48 | Create | Villager (Male) |
| 19:57 | Create | Villager (Male) |
| 20:05 | Build | Farm |
| 20:05 | Build | Farm |
| 20:05 | Build | Farm |
| 20:06 | Build | Farm |
| 20:06 | Build | Farm |
| 20:06 | Build | Farm |
| 20:09 | Create | Villager (Male) |
| 20:20 | Build | Monastery |
| 20:24 | Create | Villager (Male) |
| 20:27 | Create | Villager (Male) |
| 20:48 | Create | Villager (Male) |
| 20:53 | Build | House |
| 20:55 | Build | House |
| 20:55 | Create | Villager (Male) |
| 21:00 | Create | Villager (Male) |
| 21:00 | Create | Villager (Male) |
| 21:02 | Build | Farm |
| 21:11 | Create | Monk |
| 21:21 | Create | Villager (Male) |
| 21:24 | Build | Farm |
| 21:25 | Create | Villager (Male) |
| 21:26 | Create | Villager (Male) |
| 21:28 | Build | Farm |
| 21:33 | Create | Villager (Male) |
| 21:44 | Build | House |
| 21:44 | Build | House |
| 21:45 | Create | Villager (Male) |
| 21:59 | Create | Villager (Male) |
| 21:59 | Create | Villager (Male) |
| 22:07 | Build | Town Center |
| 22:08 | Create | Villager (Male) |
| 22:17 | Create | Villager (Male) |
| 22:22 | Create | Camel Scout |
| 22:25 | Create | Villager (Male) |
| 22:34 | Build | Farm |
| 22:34 | Create | Villager (Male) |
| 22:39 | Build | Farm |
| 22:39 | Build | Farm |
| 22:39 | Build | Farm |
| 22:40 | Build | Farm |
| 22:40 | Build | Farm |
| 22:40 | Build | Farm |
| 22:40 | Build | Farm |
| 22:42 | Create | Villager (Male) |
| 22:54 | Create | Villager (Male) |
| 22:56 | Build | Farm |
| 22:57 | Create | Villager (Male) |
| 23:05 | Build | Farm |
Match timeline
| 7:57 | JB · age_up feudal |
| 8:47 | ty · wall_segment Palisade Wall x1 |
| 8:48 | ty · wall_segment Palisade Wall x1 |
| 9:18 | ty · age_up feudal |
| 9:52 | HSL | P3rk_Ita · first_building Barracks |
| 10:36 | 小胡喝不了酒 · age_up feudal |
| 10:44 | Ares_Hong Bang- Trieu Dynasty · age_up feudal |
| 10:56 | ilPlantigrado · age_up feudal |
| 11:11 | 援助失足少女 · age_up feudal |
| 11:48 | ty · wall_segment Stone Wall x1 |
| 11:52 | ty · wall_segment Stone Wall x1 |
| 11:54 | HSL | P3rk_Ita · age_up feudal |
| 11:55 | HSL | P3rk_Ita · first_building Stable |
| 12:06 | belphy · age_up feudal |
| 12:58 | ty · wall_segment Stone Wall x1 |
| 13:39 | ty · first_building Barracks |
| 14:03 | ty · wall_segment Palisade Wall x1 |
| 14:17 | 援助失足少女 · first_building Barracks |
| 14:26 | ilPlantigrado · age_up castle |
| 14:29 | ilPlantigrado · first_building Monastery |
| 14:34 | ty · first_building Archery Range |
| 14:43 | 小胡喝不了酒 · age_up castle |
| 14:50 | Ares_Hong Bang- Trieu Dynasty · age_up castle |
| 14:51 | Ares_Hong Bang- Trieu Dynasty · first_building Barracks |
| 14:51 | 援助失足少女 · age_up castle |
| 15:29 | Ares_Hong Bang- Trieu Dynasty · first_building Monastery |
| 15:33 | HSL | P3rk_Ita · age_up castle |
| 15:41 | belphy · age_up castle |
| 15:57 | 小胡喝不了酒 · first_building Monastery |
| 15:59 | ty · wall_segment Stone Wall x1 |
| 17:05 | 援助失足少女 · first_market_buy 100 wood |
| 17:12 | 援助失足少女 · first_building Stable |
| 17:15 | belphy · first_market_buy 100 stone |
| 17:54 | 小胡喝不了酒 · first_market_buy 100 food |
| 18:05 | HSL | P3rk_Ita · first_market_buy 100 food |
| 18:32 | Ares_Hong Bang- Trieu Dynasty · first_building Siege Workshop |
| 19:59 | JB · first_market_buy 100 wood |
| 20:20 | 援助失足少女 · first_building Monastery |
| 20:26 | JB · age_up castle |
| 20:42 | ty · age_up castle |
| 21:06 | belphy · first_building Siege Workshop |
| 21:15 | belphy · wall_segment Stone Wall x3 |
| 21:39 | ty · wall_segment Stone Wall x1 |
| 21:48 | ty · first_building Castle |
| 22:13 | belphy · first_market_sell 100 wood |
| 23:06 | JB · wall_segment Stone Wall x1 |
| 23:17 | JB · wall_segment Stone Wall x5 |
| 23:23 | JB · first_building Siege Workshop |
| 23:29 | belphy · first_building Castle |
| 24:31 | belphy · first_building Barracks |
| 24:36 | HSL | P3rk_Ita · first_building Castle |
| 24:42 | HSL | P3rk_Ita · first_building Monastery |
| 25:03 | ilPlantigrado · first_market_buy 100 stone |
| 25:10 | ilPlantigrado · first_building Castle |
| 25:32 | belphy · first_building Stable |
| 25:52 | 小胡喝不了酒 · first_market_sell 100 wood |
| 26:23 | ilPlantigrado · first_building Barracks |
| 26:23 | 小胡喝不了酒 · first_building Barracks |
| 26:57 | HSL | P3rk_Ita · first_building Archery Range |
| 27:15 | 小胡喝不了酒 · first_building Archery Range |
| 27:40 | ilPlantigrado · first_building Siege Workshop |
| 28:03 | HSL | P3rk_Ita · first_market_sell 100 food |
| 28:25 | ilPlantigrado · age_up imperial |
| 28:33 | JB · first_building Barracks |
| 28:42 | 小胡喝不了酒 · first_building Castle |
| 28:45 | HSL | P3rk_Ita · age_up imperial |
| 29:03 | HSL | P3rk_Ita · first_building Siege Workshop |
| 29:04 | 小胡喝不了酒 · age_up imperial |
| 29:04 | ty · first_building Monastery |
| 29:28 | JB · first_building Stable |
| 29:34 | belphy · wall_segment Stone Wall x1 |
| 29:37 | 援助失足少女 · first_building Castle |
| 30:02 | JB · first_building Castle |
| 30:08 | 援助失足少女 · first_building Siege Workshop |
| 30:14 | 援助失足少女 · age_up imperial |
| 30:52 | ilPlantigrado · first_market_sell 100 food |
| 31:44 | JB · age_up imperial |
| 32:28 | ty · first_building Stable |
| 33:18 | belphy · wall_segment Stone Wall x1 |
| 33:32 | belphy · first_building Archery Range |
| 33:42 | JB · first_market_sell 100 wood |
| 33:50 | Ares_Hong Bang- Trieu Dynasty · first_building Castle |
| 33:59 | ty · first_market_sell 100 food |
| 34:01 | 小胡喝不了酒 · first_building Stable |
| 34:07 | ilPlantigrado · wall_segment Stone Wall x6 |
| 34:10 | ilPlantigrado · wall_segment Stone Wall x8 |
| 34:10 | ilPlantigrado · wall_segment Stone Wall x1 |
| 34:40 | belphy · age_up imperial |
| 35:09 | Ares_Hong Bang- Trieu Dynasty · age_up imperial |
| 35:15 | ty · age_up imperial |
| 36:11 | 援助失足少女 · first_market_sell 100 food |
| 36:56 | 小胡喝不了酒 · first_building Siege Workshop |
| 37:09 | ty · wall_segment Stone Wall x1 |
| 37:35 | ty · first_building Siege Workshop |
| 38:20 | Ares_Hong Bang- Trieu Dynasty · first_building Archery Range |
| 38:28 | 小胡喝不了酒 · tribute_sent a jugador 1 |
| 38:28 | 小胡喝不了酒 · tribute_sent a jugador 2 |
| 38:28 | 小胡喝不了酒 · tribute_sent a jugador 3 |
| 38:28 | 小胡喝不了酒 · tribute_sent a jugador 5 |
| 38:28 | 小胡喝不了酒 · tribute_sent a jugador 6 |
| 38:28 | 小胡喝不了酒 · tribute_sent a jugador 7 |
| 38:28 | 小胡喝不了酒 · tribute_sent a jugador 8 |
| 40:41 | Ares_Hong Bang- Trieu Dynasty · first_market_sell 100 food |
| 45:02 | belphy · tribute_sent a jugador 2 |
| 45:02 | belphy · tribute_sent a jugador 3 |
| 45:02 | belphy · tribute_sent a jugador 4 |
| 45:02 | belphy · tribute_sent a jugador 5 |
| 45:02 | belphy · tribute_sent a jugador 6 |
| 45:02 | belphy · tribute_sent a jugador 7 |
| 45:02 | belphy · tribute_sent a jugador 8 |
| 45:15 | 小胡喝不了酒 · tribute_sent a jugador 1 |
| 45:15 | 小胡喝不了酒 · tribute_sent a jugador 2 |
| 45:15 | 小胡喝不了酒 · tribute_sent a jugador 3 |
| 45:15 | 小胡喝不了酒 · tribute_sent a jugador 5 |
| 45:15 | 小胡喝不了酒 · tribute_sent a jugador 6 |
| 45:15 | 小胡喝不了酒 · tribute_sent a jugador 7 |
| 45:15 | 小胡喝不了酒 · tribute_sent a jugador 8 |
| 46:46 | belphy · tribute_sent a jugador 2 |
| 46:46 | belphy · tribute_sent a jugador 3 |
| 46:46 | belphy · tribute_sent a jugador 4 |
| 46:46 | belphy · tribute_sent a jugador 5 |
| 46:46 | belphy · tribute_sent a jugador 6 |
| 46:46 | belphy · tribute_sent a jugador 7 |
| 46:46 | belphy · tribute_sent a jugador 8 |
| 47:00 | belphy · tribute_sent a jugador 2 |
| 47:00 | belphy · tribute_sent a jugador 3 |
| 47:00 | belphy · tribute_sent a jugador 4 |
| 47:00 | belphy · tribute_sent a jugador 5 |
| 47:00 | belphy · tribute_sent a jugador 6 |
| 47:00 | belphy · tribute_sent a jugador 7 |
| 47:00 | belphy · tribute_sent a jugador 8 |
| 48:13 | Ares_Hong Bang- Trieu Dynasty · resign |
| 51:09 | belphy · tribute_sent a jugador 2 |
| 51:09 | belphy · tribute_sent a jugador 3 |
| 51:09 | belphy · tribute_sent a jugador 4 |
| 51:09 | belphy · tribute_sent a jugador 5 |
| 51:09 | belphy · tribute_sent a jugador 6 |
| 51:09 | belphy · tribute_sent a jugador 7 |
| 51:09 | belphy · tribute_sent a jugador 8 |
| 51:11 | ilPlantigrado · tribute_sent a jugador 1 |
| 51:11 | ilPlantigrado · tribute_sent a jugador 2 |
| 51:11 | ilPlantigrado · tribute_sent a jugador 3 |
| 51:11 | ilPlantigrado · tribute_sent a jugador 4 |
| 51:11 | ilPlantigrado · tribute_sent a jugador 5 |
| 51:11 | ilPlantigrado · tribute_sent a jugador 6 |
| 51:11 | ilPlantigrado · tribute_sent a jugador 8 |
| 53:14 | ty · wall_segment Stone Wall x1 |
| 53:15 | ty · wall_segment Stone Wall x1 |
| 53:34 | belphy · tribute_sent a jugador 2 |
| 53:34 | belphy · tribute_sent a jugador 3 |
| 53:34 | belphy · tribute_sent a jugador 4 |
| 53:34 | belphy · tribute_sent a jugador 5 |
| 53:34 | belphy · tribute_sent a jugador 6 |
| 53:34 | belphy · tribute_sent a jugador 7 |
| 53:34 | belphy · tribute_sent a jugador 8 |
| 55:23 | HSL | P3rk_Ita · tribute_sent a jugador 1 |
| 55:23 | HSL | P3rk_Ita · tribute_sent a jugador 2 |
| 55:23 | HSL | P3rk_Ita · tribute_sent a jugador 4 |
| 55:23 | HSL | P3rk_Ita · tribute_sent a jugador 5 |
| 55:23 | HSL | P3rk_Ita · tribute_sent a jugador 6 |
| 55:23 | HSL | P3rk_Ita · tribute_sent a jugador 7 |
| 55:23 | HSL | P3rk_Ita · tribute_sent a jugador 8 |
[ AI ANALYSIS · 1 CREDIT ]
What really happened in this match?
Wolo.gg analyzes every decision: build order, eco, micro, common mistakes by bracket. Personalized analysis on WhatsApp or Discord in 30 seconds.
Civ guide
Ethiopians
Perfil
ilPlantigrado